 Dungeon Crawl Stone Soup version 0.28.0-62-gf88900778d (webtiles) character file.

Game seed: 8081679707460863248

143 cbfl8 the Skirmisher (level 5, -15/33 HPs)
             Began as a Gargoyle Berserker on Aug 18, 2023.
             Was a Believer of Trog.
             Killed by divine providence
             ... invoked by an orc priest
              (16 damage)
             ... on level 3 of the Dungeon.
             The game lasted 00:02:22 (2794 turns).

cbfl8 the Skirmisher (Gargoyle Berserker)           Turns: 2794, Time: 00:02:23

Health: -15/33     AC: 10    Str: 21    XL:     5   Next: 25%
Magic:  5/5        EV: 10    Int: 13    God:    Trog [**....]
Gold:   94         SH:  0    Dex: 11    Spells: 4/4 levels left

rFire   . . .      SeeInvis .   a - +0 hand axe
rCold   . . .      Faith    .   (no shield)
rNeg    + . .      Spirit   .   d - +0 scale mail
rPois   ∞          Reflect  .   (no helmet)
rElec   +          Harm     .   (no cloak)
rCorr   .          Rampage  .   (no gloves)
Will    .....                   (no boots)
Stlth   ..........              h - amulet of magic regeneration
HPRegen 0.11/turn               e - +6 ring of intelligence
MPRegen 0.49/turn               (no ring)

@: on berserk cooldown, slowed, very slow
A: sickness immunity, AC +4, negative energy resistance 1, electricity
resistance, torment resistance 1, petrification resistance
a: Renounce Religion, Berserk, Trog's Hand


You were on level 3 of the Dungeon.
You worshipped Trog.
Trog was pleased with you.
You visited 1 branch of the dungeon, and saw 3 of its levels.

You collected 94 gold pieces.

Inventory:

Hand Weapons
 a - a +0 hand axe (weapon)
Missiles
 p - a throwing net (quivered)
Armour
 d - a +0 scale mail (worn)
Jewellery
 e - a +6 ring of intelligence (left hand)
 h - an amulet of magic regeneration (around neck)
 n - an amulet of the acrobat
Scrolls
 c - a scroll of enchant weapon {unknown}
 f - a scroll of blinking {unknown}
 g - a scroll of magic mapping {unknown}
 i - 2 scrolls of identify {unknown}
 j - 2 scrolls of teleportation {unknown}
 k - a scroll of vulnerability {unknown}
 m - a scroll of enchant armour {unknown}
 o - a scroll of fear {unknown}
Potions
 b - a potion of attraction {unknown}
 l - 2 potions of resistance {unknown}
 q - a potion of might {unknown}


   Skills:
 + Level 4.2 Fighting
 + Level 3.8 Axes
 + Level 3.3 Armour
 - Level 1.5 Dodging
 + Level 0.1 Stealth
 * Level 1.3 Evocations


You had 4 spell levels left.
You didn't know any spells.
Your spell library was empty.

Dungeon Overview and Level Annotations

Branches:
Dungeon (3/15)

Altars:


Innate Abilities, Weirdness & Mutations

You are immune to sickness and miasma.
Your stone body is resilient. (AC +4)
You are immune to poison.
You resist negative energy. (rN+)
You are resistant to electric shocks. (rElec)
You are resistant to unholy torment.
You are immune to petrification.


Message History

Trog accepts your kill.
An orc comes into view. It is wielding a +0 dagger.
The orc priest mumbles some strange prayers to Beogh against you.
Beogh smites you!
* * * LOW HITPOINT WARNING * * *
You see here 18 bolts.
You are too injured to fight recklessly!
A red film seems to cover your vision as you go berserk!
You feel yourself moving faster!
You feel mighty! The orc priest barely misses you.
You slash the orc priest!
The orc priest is heavily wounded.
An orc priest comes into view. It is wielding a +0 mace.
The orc priest completely misses you.
You barely miss the orc priest.
The orc priest is heavily wounded.
An orc comes into view. It is wielding a +0 whip.
The orc shouts!
You slash the orc priest!
You kill the orc priest!
Trog accepts your kill.
You have reached level 5!
The orc hits you with a +0 dagger.
* * * LOW HITPOINT WARNING * * *
Things that are here:
a +0 flail; an orc corpse You slash the orc!
You kill the orc!
Trog accepts your kill.
The orc priest invokes the aid of Beogh against you.
Beogh smites you!
* * * LOW HITPOINT WARNING * * *
You feel a strong urge to attack something.
The orc priest looks satisfied for a moment.
You are no longer berserk.
You are exhausted.
You feel yourself slow down.
The orc priest invokes the aid of Beogh against you.
Beogh smites you!
You die...

........##....# #.#
........##...o# #.#.# #####
........##..o.# #.#.# #....
.....##.##..).###.#.# #####
####.##.#...)...#.#.# #
#.##.#.)(....#.#.# #
#.##.#.........#.# #
#.##.#.......###.#############
##
#.##.#.......@................
.#
#....#.......#.......#########
.#
######.#######.......########
.# #.# #..............# .# #.#
##############.# ## #.# #.#
#.# #.# #.# #.# #.# #.#


You could see an orc priest and an orc.

Vanquished Creatures
  An orc priest (D:3)
  2 adders
  3 worms (D:2)
  7 orcs (D:3)
  8 ball pythons
  3 endoplasms
  7 giant cockroaches
  8 goblins
  7 hobgoblins
  2 jackals (D:3)
  4 quokkas
  6 bats
  4 frilled lizards
  5 kobolds
  6 rats
73 creatures vanquished.

Notes
Turn   | Place    | Note
-------+----------+-------------------------------------------
     0 | D:1      | cbfl8 the Gargoyle Berserker began the quest for the Orb.
     0 | D:1      | Reached XP level 1. HP: 14/14 MP: 1/1
   154 | D:1      | Reached XP level 2. HP: 12/19 MP: 2/2
   456 | D:1      | Reached XP level 3. HP: 21/24 MP: 3/3
   522 | D:1      | Reached ** piety under Trog
  1227 | D:2      | Reached skill level 1 in Evocations
  1340 | D:2      | Reached skill level 4 in Fighting
  1426 | D:2      | Reached XP level 4. HP: 26/29 MP: 4/4
  2334 | D:3      | Found a faded altar of an unknown god.
  2789 | D:3      | Reached XP level 5. HP: 12/33 MP: 5/5
  2790 | D:3      | HP: 1/49 [orc priest/divine providence (8)]
  2794 | D:3      | Killed from afar by an orc priest

Illustrated notes

Levels and vault maps discovered:
D:1:      scummos_arrival_simple_fountains, layout_rooms, corner_web_ring
D:2:      layout_loops_cross, minmay_goblin_outpost
D:3:      layout_basic, basic_ecumenical_altar

Skill      XL: |  1  2  3  4 |
---------------+-------------+-----
Axes           | 3 |  3.8
Evocations     | 1 |  1.3
Fighting       | 4 |  4.2
Armour         | 3 |  3.3
Dodging        | |  1.5
Stealth        | |  0.1

Action                   |  1- 3 |  4- 6 || total
-------------------------+-------+-------++-------
Melee: Hand axe          |   150 |    84 ||   234
       Punch             |       |     2 ||     2
Invok: Berserk           |     1 |     1 ||     2
Armor: Scale mail        |    83 |    36 ||   119
       Animal skin       |     3 |       ||     3
Dodge: Dodged            |   109 |    48 ||   157
